Map: Ascension to Aiur LE

Players

LiquidTLO (TLO) - Winner!

  • Race: Zerg Zerg
  • Spawn Location: 11:00

SolO

  • Race: Zerg Zerg
  • Spawn Location: 5:00

Event: WCS Jonkoping 2017

VOD

Have the link to the VOD?

Description

Time

  • Played on: June 17, 2017, 6:55 a.m.
  • Length: 12:30

All games in this series

Show
View Real Time Build Order
Export as new Build Order

LiquidTLO Zerg - Winner!

Build Orders: Hatch First 

Get SALT Encoding   

  12  0:00  Drone  
  13  0:13  Overlord  
  13  0:17  Drone  
  14  0:31  Drone x2  
  14  0:35  Drone  
  17  0:52  Hatchery  
  17  0:55  Drone  
  17  0:59  Drone  
  18  1:10  Extractor  
  17  1:14  Spawning Pool  
  17  1:18  Drone  
  17  1:20  Drone  
  18  1:29  Drone  
  19  1:39  Overlord  
  19  1:57  Drone  
  19  2:00  Queen  
  22  2:01  Zergling x2  
  22  2:03  Queen  
  22  2:04  Zergling x2  
  26  2:09  Metabolic Boost  
  26  2:11  Drone  
  26  2:14  Drone  
  28  2:26  Drone x2  
  30  2:34  Drone  
  31  2:40  Hatchery  
  30  2:47  Baneling Nest, Zergling x2  
  30  2:53  Overlord  
  30  2:55  Drone  
  31  3:01  Overlord  
  31  3:02  Drone  
  33  3:05  Zergling x2  
  33  3:08  Drone  
  33  3:10  Drone  
  33  3:12  Drone  
  36  3:16  Drone  
  36  3:17  Drone  
  36  3:19  Drone  
  39  3:21  Drone  
  39  3:25  Drone  
  41  3:29  Queen  
  41  3:31  Baneling  
  41  3:33  Baneling  
  42  3:35  Drone  
  42  3:36  Drone  
  42  3:39  Drone  
  45  3:42  Zergling x4  
  45  3:46  Zergling x2  
  45  3:47  Zergling x2  
  48  3:49  Zergling x4  
  48  3:53  Queen  
  52  3:56  Drone  
  52  3:57  Baneling  
  52  3:59  Drone  
  52  4:00  Drone  
  55  4:05  Drone  
  55  4:06  Overlord  
  55  4:08  Overlord  
  56  4:10  Drone  
  56  4:15  Lair  
  57  4:17  Extractor, Drone  
  57  4:21  Baneling x2, Drone  
  58  4:25  Drone x2  
  58  4:26  Drone  
  58  4:27  Drone  
  61  4:34  Roach Warren, Drone  
  61  4:35  Drone  
  61  4:37  Drone x2  
  64  4:40  Drone  
  64  4:41  Drone  
  64  4:42  Baneling x2  
  66  4:46  Drone  
  66  4:47  Zergling x2  
  66  4:50  Zergling x2  
  66  4:51  Zergling x2  
  69  4:55  Zergling x2  
  69  4:56  Extractor, Zergling x4  
  69  4:57  Extractor, Zergling x2  
  68  5:01  Zergling x2  
  68  5:02  Zergling x2, Spine Crawler  
  68  5:03  Spine Crawler  
  67  5:13  Overlord  
  67  5:16  Roach x3  
  67  5:19  Overlord  
  72  5:22  Overlord  
  72  5:26  Baneling x3  
  72  5:32  Roach x3  
  72  5:33  Zergling x2, Roach  
  81  5:36  Zergling x2, Overlord  
  81  5:38  Baneling, Roach x2  
  81  5:40  Baneling  
  81  5:42  Roach x2  
  87  5:44  Zergling x2  
  87  5:46  Roach  
  90  5:52  Roach  
  90  5:55  Roach  
  94  5:57  Roach x2  
  94  6:00  Zergling x2  
  94  6:01  Roach  
  94  6:02  Roach  
  96  6:04  Roach  
  96  6:06  Roach  
  96  6:07  Zergling x2  
  96  6:10  Roach  
  101  6:12  Drone  
  101  6:17  Overlord  
  101  6:18  Glial Reconstitution  
  102  6:20  Drone  
  102  6:21  Drone  
  102  6:25  Evolution Chamber  
  103  6:28  Drone  
  103  6:31  Overlord  
  104  6:33  Extractor  
  104  6:35  Burrow, Drone  
  104  6:36  Evolution Chamber  
  104  6:37  Drone  
  104  6:40  Drone  
  104  6:41  Drone  
  104  6:42  Drone  
  104  6:44  Drone  
  104  6:45  Drone  
  109  6:48  Drone  
  109  6:52  Roach  
  112  6:58  Roach  
  112  7:01  Roach x2  
  116  7:02  Roach  
  116  7:03  Roach  
  116  7:07  Zerg Ground Armor Level 1, Zerg Missile Weapons Level 1  
  120  7:10  Overlord  
  120  7:11  Drone  
  120  7:14  Overlord  
  121  7:16  Overlord  
  121  7:24  Baneling  
  121  7:25  Queen, Baneling  
  121  7:32  Hatchery, Drone x2  
  121  7:33  Drone  
  121  7:34  Drone  
  121  7:36  Tunneling Claws  
  124  7:37  Pneumatized Carapace  
  124  7:39  Extractor  
  124  7:40  Roach  
  124  7:43  Roach x2  
  129  7:45  Roach  
  133  7:51  Roach  
  133  7:52  Roach x2, Overlord  
  133  7:55  Roach  
  133  7:58  Roach  
  140  8:05  Roach x2  
  144  8:07  Overlord  
  144  8:08  Overlord  
  144  8:12  Roach  
  146  8:15  Roach  
  146  8:17  Roach x2  
  146  8:18  Roach  
  150  8:21  Overlord  
  148  8:28  Roach  
  148  8:29  Roach x2  
  148  8:32  Roach x2  
  160  8:34  Roach  
  160  8:35  Roach  
  160  8:40  Roach x2  
  166  8:44  Ravager  
  166  8:46  Ravager x3  
  170  8:49  Ravager x2  
  170  8:52  Ravager x2  
  170  8:53  Roach x2  
  174  8:59  Roach x5  
  184  9:12  Roach  
  184  9:15  Roach x2  
  184  9:17  Roach  
  167  9:19  Roach  
  167  9:21  Roach  
  167  9:22  Roach  
  167  9:23  Roach  
  167  9:24  Roach  
  153  9:26  Roach x2  
  153  9:27  Roach x2  
  145  9:31  Roach x2  
  145  9:34  Roach x5  
  145  9:36  Roach  
  145  9:38  Roach  
  134  9:41  Roach  
  113  9:47  Roach  
  113  9:50  Roach  
  98  9:56  Roach x2  
  98  9:58  Roach  
  102  10:01  Roach  
  102  10:06  Drone  
  95  10:10  Ravager x3  
  98  10:16  Drone x3  
  103  10:21  Roach  
  103  10:22  Roach x15  
  103  10:24  Roach  
  103  10:26  Roach  
  103  10:27  Roach x15  
  107  10:30  Roach  
  107  10:31  Ravager  
  107  10:32  Ravager  
  107  10:35  Roach  
  111  10:43  Drone  
  111  10:44  Roach  
  111  10:46  Roach x2  
  111  10:48  Roach  
  116  10:52  Roach  
  116  10:56  Roach  
  104  10:57  Roach  
  104  10:59  Roach  
  104  11:01  Roach  
  104  11:03  Roach  
  92  11:05  Roach  
  92  11:09  Roach  
  81  11:12  Roach  
  81  11:17  Roach  
  82  11:21  Roach  
  82  11:23  Roach x11  
  82  11:25  Roach  
  82  11:28  Unknown x2  
  82  11:32  Roach  
  80  11:33  Drone  
  80  11:35  Unknown  
  80  11:37  Roach  
  83  11:40  Roach  
  83  11:44  Roach  
  83  11:45  Roach  
  89  11:48  Roach  
  89  11:51  Roach  
  93  11:55  Ravager  
  93  11:56  Roach  
  93  11:58  Roach  
  98  12:03  Roach  
  98  12:04  Drone  
  98  12:05  Roach x3  
  98  12:06  Roach  
  101  12:09  Roach x2  
Show
View Real Time Build Order
Export as new Build Order

SolO Zerg 

Build Orders: Hatch First 

Get SALT Encoding   

  12  0:00  Drone  
  13  0:12  Overlord  
  13  0:17  Drone  
  14  0:30  Drone x2  
  14  0:34  Drone  
  17  0:50  Hatchery  
  17  0:53  Drone  
  17  0:57  Drone  
  18  1:07  Extractor  
  17  1:12  Spawning Pool  
  17  1:15  Drone  
  17  1:18  Drone  
  18  1:28  Drone  
  19  1:38  Overlord  
  19  1:58  Queen  
  19  1:59  Zergling x2  
  19  2:00  Zergling x2  
  23  2:02  Queen, Drone  
  23  2:07  Metabolic Boost  
  26  2:10  Drone  
  26  2:13  Drone  
  28  2:23  Drone  
  28  2:24  Drone  
  30  2:33  Baneling Nest, Drone  
  30  2:37  Queen  
  30  2:40  Overlord  
  32  2:58  Hatchery  
  31  3:01  Drone x2  
  33  3:07  Drone x2  
  33  3:11  Drone  
  33  3:12  Drone x2  
  38  3:19  Zergling x4  
  40  3:23  Zergling x4  
  40  3:27  Overlord  
  42  3:30  Baneling x2  
  42  3:32  Drone  
  42  3:33  Drone  
  44  3:45  Drone  
  44  3:46  Drone x5  
  50  3:52  Roach Warren  
  49  3:57  Drone x3  
  52  4:03  Extractor  
  52  4:07  Overlord  
  51  4:22  Drone x2, Overlord x2  
  53  4:32  Roach x6  
  53  4:34  Overlord  
  65  4:39  Baneling  
  65  4:50  Roach x5  
  69  5:00  Roach  
  69  5:01  Roach  
  69  5:03  Zergling x2  
  69  5:04  Zergling x12  
  80  5:11  Queen  
  80  5:12  Zergling x4  
  80  5:21  Baneling x2  
  80  5:23  Zergling x2  
  80  5:24  Zergling x12  
  88  5:35  Ravager  
  84  5:43  Baneling x3  
  84  5:45  Drone  
  84  5:46  Drone x5  
  84  6:05  Drone  
  84  6:06  Drone x8  
  84  6:08  Lair  
  86  6:12  Evolution Chamber  
  86  6:13  Drone  
  86  6:14  Overlord x2  
  86  6:16  Drone x2  
  86  6:17  Extractor  
  87  6:19  Extractor  
  87  6:25  Drone  
  87  6:27  Overlord x2  
  87  6:34  Roach  
  87  6:39  Zerg Missile Weapons Level 1  
  89  6:40  Roach x3  
  89  6:41  Roach x4  
  89  6:42  Overlord x2  
  103  6:47  Roach  
  103  6:48  Roach x2  
  108  6:58  Roach x3  
  114  7:03  Drone x2  
  114  7:05  Glial Reconstitution  
  116  7:10  Drone x4  
  116  7:11  Overlord x3  
  120  7:18  Roach x3  
  126  7:23  Roach x2  
  126  7:29  Extractor, Overlord  
  130  7:30  Drone x2  
  130  7:33  Ravager x2  
  133  7:37  Hatchery  
  133  7:39  Ravager  
  133  7:40  Drone x2  
  137  7:44  Roach x2  
  137  7:48  Roach x2  
  137  7:49  Roach  
  145  7:52  Overlord  
  145  7:53  Roach  
  143  7:59  Roach x3  
  149  8:11  Roach x5  
  154  8:23  Roach x6  
  154  8:25  Overlord  
  166  8:31  Roach  
  168  8:39  Overlord  
  168  8:45  Roach x4  
  168  8:46  Evolution Chamber  
  168  8:47  Overlord  
  175  8:55  Overlord  
  175  8:59  Overseer  
  175  9:01  Roach x5  
  175  9:13  Roach x5  
  164  9:21  Roach  
  164  9:22  Roach  
  164  9:24  Roach  
  149  9:37  Roach x4  
  94  10:04  Roach  
  94  10:05  Roach x3  
  96  10:12  Roach  
  98  10:17  Ravager x2  
  98  10:21  Roach x3  
  106  10:28  Roach  
  106  10:29  Roach  
  110  10:40  Roach x2  
  96  11:02  Roach x6  
  73  11:13  Roach  
  73  11:14  Roach x2  
  73  11:16  Roach  
  73  11:33  Roach x3  
  73  11:42  Zergling x12  
  79  11:49  Roach x2  
  83  12:03  Roach  
  83  12:04  Roach  
  83  12:07  Zergling x2  
  83  12:08  Zergling x6  
Tags
 
Add a new tag
Caveats
  • Supply blocks, unpowered buildings, or Contaminate may cause inaccurate times.
  • Supply counts are checked every 10 seconds.